 Dungeon Crawl Stone Soup version 0.16.1-2-g95b8d4c (webtiles) character file.

33 RobertPalmer the Cutter (level 3, 0/24 HPs)
             Began as an Octopode Warper on Mar 26, 2015.
             Slain by an adder (4 damage)
             ... on level 2 of the Dungeon.
             The game lasted 00:01:28 (1967 turns).

RobertPalmer the Cutter (Octopode Warper)           Turns: 1967, Time: 00:01:29

Health: 0/24       AC:  1    Str: 10    XL:     3   Next: 29%
Magic:  6/6        EV: 12    Int: 15    God:
Gold:   22         SH:  0    Dex: 12    Spells: 1 memorised, 5 levels left

rFire  . . .     SeeInvis .     a - +0 short sword
rCold  . . .     Clarity  .     (no shield)
rNeg   . . .     SustAb   .     (helmet restricted)
rPois  .         Gourm    .     (no amulet)
rElec  .         Spirit   .     (no ring)
rCorr  .         Warding  .     (no ring)
rMut   .         Stasis   .     (no ring)
MR     .....                    (no ring)
Stlth  ++........               (no ring)
                                (no ring)
                                (no ring)
                                (no ring)

@: not resistant to hostile enchantments, unstealthy
A: almost no armour, amphibious, 8 rings, constrict 8, camouflage 1, gelatinous
body 1
a: no special abilities


You were on level 2 of the Dungeon.
You were not hungry.

You visited 1 branch of the dungeon, and saw 2 of its levels.

You collected 22 gold pieces.

Inventory:

Hand weapons
 a - a +0 short sword (weapon)
Missiles
 e - 5 tomahawks of dispersal {=f}
Scrolls
 b - a scroll of remove curse {unknown}
 d - a scroll of blinking {!r}
 h - a scroll of teleportation {unknown}
 k - a scroll of identify {unknown}
Potions
 g - a potion of degeneration {unknown}
 i - a potion of brilliance {unknown}
 j - a potion of magic {unknown}
Books
 c - a book of Spatial Translocations
Comestibles
 f - 2 bread rations {@e1}


   Skills:
 - Level 2.0 Fighting
 + Level 3.6 Short Blades
 - Level 1.0 Throwing
 - Level 2.3 Dodging
 - Level 2.0 Spellcasting
 - Level 3.0 Translocations


You had 5 spell levels left.
You knew the following spells:

 Your Spells              Type           Power        Failure   Level  Hunger
g - Apportation           Tloc           ##........   8%          1    #......


Dungeon Overview and Level Annotations

Branches:
Dungeon (2/15)

Altars:


Innate Abilities, Weirdness & Mutations

You cannot wear most types of armour.
You are amphibious.
You can wear up to eight rings at the same time.
You can use your tentacles to constrict many enemies at once.
Your skin changes colour to match your surroundings (Stealth).
Your rubbery body absorbs attacks (AC +1).


Message History

Unknown command.
j - a pink potion
k - a scroll labeled PLALALUENG All of the chunks of flesh in your inventory have rotted away.
i - a fuming brown potion Health restored: 24 You are feeling hungry.
There is an open door here.
Things that are here:
3 stones; a kobold corpse A jackal comes into view.
A jackal is nearby!
A jackal is nearby!
The jackal barks!
The jackal bites you.
You take 1 damage, and have 23/24 hp.
You hit the jackal.
You kill the jackal!
No target in view!
No target in view!
There is an open door here.
Things that are here:
3 stones; a kobold corpse
There is an escape hatch in the floor here.
You see here a kobold corpse.
You see here a mace.
A bat comes into view.
A bat is nearby!
A bat is nearby!
A bat is nearby!
A bat is nearby!
Health restored: 24 You hit the bat.
You kill the bat!
No target in view!
No target in view!
No target in view!
You see here a bat corpse.
You butcher the bat corpse.
l - a chunk of flesh {@w0} Eating a chunk of flesh {@w0}.
You continue eating. x2
Done exploring.
Done exploring.
Done exploring.
Done exploring.
(D) Dungeon
Where to? (? - help)
There is a stone staircase leading down here.
You climb downwards.
There is a stone staircase leading up here.
No target in view!
You open the door.
There is an open door here.
A giant cockroach comes into view.
A giant cockroach is nearby!
A giant cockroach is nearby!
A giant cockroach is nearby!
You hit the giant cockroach but do no damage.
Your grab misses the giant cockroach. The giant cockroach bites you.
You take 1 damage, and have 23/24 hp.
You hit the giant cockroach but do no damage.
Your grab misses the giant cockroach. The giant cockroach closely misses you.
You barely miss the giant cockroach. Your grab misses the giant cockroach.
The giant cockroach bites you but does no damage.
The giant cockroach bites you.
You take 1 damage, and have 22/24 hp.
You hit the giant cockroach but do no damage.
You grab the giant cockroach. You squeeze the giant cockroach.
You constrict the giant cockroach, but do no damage.
The giant cockroach waves its antennae.
The giant cockroach closely misses you.
You hit the giant cockroach.
You kill the giant cockroach!
No target in view!
No target in view!
Found a glowing scythe.
Found a stone staircase leading down.
A hobgoblin comes into view. It is wielding a club.
A hobgoblin is nearby!
A hobgoblin is nearby!
An adder comes into view.
The adder moves out of view.
The hobgoblin hits you with a club!
You take 7 damage, and have 16/24 hp.
MASSIVE DAMAGE!!
You hit the hobgoblin. Your grab misses the hobgoblin.
Your squeeze misses the hobgoblin. The hobgoblin hits you with a club.
You take 4 damage, and have 12/24 hp.
You hit the hobgoblin. Your grab misses the hobgoblin.
The adder barely misses you. The hobgoblin hits you with a club.
You take 3 damage, and have 9/24 hp.
You hit the hobgoblin but do no damage. Your grab misses the hobgoblin.
You squeeze the hobgoblin.
You kill the hobgoblin!
The adder bites you.
* * * LOW HITPOINT WARNING * * *
You take 5 damage, and have 4/24 hp.
MASSIVE DAMAGE!!
You hit the adder. Your grab misses the adder. Your squeeze misses the adder.
The adder bites you.
You die...

#.....#.....##########
#...).............
#>.................
#####...##.########.
######.........#.
###.........
#.#####..# #.######.#
#.@).....# ###S..#+##
..## ..# ..# ..# ...
... .


You could see an adder.

Vanquished Creatures
  6 bats (D:1)
  A giant cockroach (D:2)
  2 goblins (D:1)
  4 hobgoblins
  5 jackals (D:1)
  6 kobolds (D:1)
  A giant newt (D:1)
  6 rats (D:1)
31 creatures vanquished.

Notes
Turn   | Place    | Note
--------------------------------------------------------------
     0 | D:1      | RobertPalmer, the Octopode Warper, began the quest for the Orb.
     0 | D:1      | Reached XP level 1. HP: 14/14 MP: 3/3
   401 | D:1      | Reached XP level 2. HP: 9/19 MP: 4/4
   403 | D:1      | HP: 2/19 [jackal (3)]
   443 | D:1      | HP: 3/19 [jackal (1)]
   506 | D:1      | HP: 4/19 [jackal (1)]
  1098 | D:1      | Reached skill level 3 in Short Blades
  1512 | D:1      | Reached XP level 3. HP: 17/24 MP: 6/6
  1966 | D:2      | HP: 4/24 [adder (5)]
  1967 | D:2      | Slain by an adder

Action                   || total
-------------------------++-------
Melee: Short sword       ||    81
 Stab: Sleeping          ||     1
  Eat: Chunk             ||     3

Vault maps used:
D:1:      dpeg_arrival_windows_large_door
D:2:      lemuel_crystal_altar, hex_medium, minmay_joined_circles, uniq_iyjb

Table legend:
 A = Turns spent in this place as a percentage of turns spent in the entire game.
 B = Non-inter-level travel turns spent in this place as a percentage of non-inter-level travel turns spent in the entire game.
 C = Inter-level travel turns spent in this place as a percentage of turns spent in this place.
 D = Turns resting spent in this place as a percentage of non-inter-level travel turns spent in this place.
 E = Turns spent auto-exploring this place as a percentage of non-inter-level travel turns spent in this place.
 F = Non-inter-level travel turns spent in this place divided by the number of levels of this place that you've seen.
                   A       B       C       D       E      F
               +-------+-------+-------+-------+-------+----------------------
         Total | 100.0 | 100.0 |   0.3 |   6.0 |  10.3 | 174.0
       Dungeon | 100.0 | 100.0 |   0.3 |   6.0 |  10.3 | 174.0
               +-------+-------+-------+-------+-------+----------------------

Table legend:
 A = Kills in this place as a percentage of kills in entire the game.
 B = Kills by you in this place as a percentage of kills by you in the entire game.
 C = Kills by friends in this place as a percentage of kills by friends in the entire game.
 D = Other kills in this place as a percentage of other kills in the entire game.
 E = Experience gained in this place as a percentage of experience gained in the entire game.
 F = Experience gained in this place divided by the number of levels of this place that you have seen.
                   A       B       C       D       E      F
               +-------+-------+-------+-------+-------+----------------------
         Total | 100.0 | 100.0 |  -nan |  -nan | 100.0 |  24.0
       Dungeon | 100.0 | 100.0 |  -nan |  -nan | 100.0 |  24.0
               +-------+-------+-------+-------+-------+----------------------
